 Dungeon Crawl Stone Soup version 0.23.2-1-ga50397a6bc (webtiles) character file.

Game seed: 2047280787066317478

12467 Norn the Thrower (level 11, -4/119 HPs)
             Began as an Ogre Arcane Marksman on Apr 21, 2019.
             Was a High Priest of Okawaru.
             Slain by Snorg (24 damage)
             ... on level 11 of the Dungeon on Apr 22, 2019.
             The game lasted 00:51:34 (19400 turns).

Norn the Thrower (Ogre Arcane Marksman)            Turns: 19400, Time: 00:51:35

Health: -4/119     AC:  6    Str: 21    XL:     11   Next: 93%
Magic:  16/16      EV: 12    Int: 14    God:    Okawaru [*****.]
Gold:   883        SH:  0    Dex:  9    Spells: 11/12 levels left

rFire    . . .     SeeInvis .   S - +4 dagger (venom)
rCold    . . .     Gourm    .   (no shield)
rNeg     . . .     Faith    .   a - +0 robe
rPois    .         Spirit   .   U - +2 hat
rElec    .         Reflect  .   (no cloak)
rCorr    .         Harm     .   (gloves unavailable)
MR       +....                  (boots unavailable)
Stlth    +.........             W - amulet of regeneration
HPRegen  0.69/turn              N - +1 ring of protection
MPRegen  0.15/turn              g - +2 ring of strength

@: about to teleport
A: large, unfitting armour, tough skin 1
a: Heroism, Finesse, Renounce Religion


You were on level 11 of the Dungeon.
You worshipped Okawaru.
Okawaru was extremely pleased with you.
You were not hungry.

You visited 2 branches of the dungeon, and saw 12 of its levels.

You collected 883 gold pieces.

Inventory:

Hand Weapons
 z - a +0 blowgun
   (You took it off a kobold on level 3 of the Dungeon)
 E - a +1 giant spiked club
   (You took it off an ogre on level 3 of the Dungeon)
 G - a +0 giant club
   (You took it off an ogre on level 4 of the Dungeon)
 S - a +4 dagger of venom (weapon)
   (You took it off an orc on level 8 of the Dungeon)
Missiles
 b - 4 javelins
 l - 116 stones
 w - 16 poisoned needles
 L - an exploding tomahawk
 M - 13 tomahawks
 Q - 13 large rocks (quivered)
 T - 10 curare-tipped needles {!f}
 Y - 2 throwing nets {!f}
 Z - 5 poisoned tomahawks
Armour
 a - a +0 robe (worn)
 U - a +2 hat (worn)
   (You took it off Gastronok on level 9 of the Dungeon)
Magical Staves
 u - an uncursed staff of conjuration {!a}
   (You found it on level 3 of the Dungeon)
Jewellery
 g - a +2 ring of strength (right hand)
   (You found it on level 1 of the Dungeon)
 p - an uncursed ring of fire
   (You took it off an orc on level 8 of the Dungeon)
 N - a +1 ring of protection (left hand)
   (You found it on level 7 of the Dungeon)
 V - a +4 amulet of reflection {unknown}
   (You found it on level 9 of the Dungeon)
 W - an amulet of regeneration (around neck)
   (You found it on level 3 of the Dungeon)
Wands
 d - a wand of iceblast (9)
   (You found it on level 10 of the Dungeon)
 v - a wand of digging (5)
   (You took it off Harold on level 9 of the Dungeon)
 x - a wand of acid (2)
   (You found it on level 9 of the Dungeon)
 K - a wand of clouds (3)
   (You found it on level 6 of the Dungeon)
Scrolls
 m - 9 scrolls of remove curse {@r2}
 n - 4 scrolls of fog
 o - 3 scrolls of teleportation {@r4}
 q - a scroll of random uselessness {unknown}
 t - a scroll of fear {unknown}
 y - 2 scrolls of noise {!r}
 A - a scroll of magic mapping {unknown}
 C - 5 scrolls of immolation {unknown}
 D - 2 scrolls of blinking {unknown}
 O - 3 scrolls of holy word
 R - a scroll of enchant armour
Potions
 c - 2 potions of lignification {!q}
 f - 2 potions of berserk rage
 h - 3 potions of agility
 i - 2 potions of curing {@q1}
 j - 2 potions of invisibility
 r - 3 potions of heal wounds {@q2}
 s - 4 potions of magic
 B - 2 potions of flight
 F - 2 potions of brilliance
 H - a potion of might
 I - a potion of ambrosia
 J - 3 potions of mutation {!q}
 P - 3 potions of degeneration {!q}
 X - a potion of cancellation
Comestibles
 e - 14 rations {!d}
 k - a chunk of flesh


   Skills:
 + Level 10.9 Fighting
 * Level 3.5 Maces & Flails
 + Level 12.9 Throwing
 + Level 6.6 Dodging
 - Level 1.2 Spellcasting
 - Level 2.6 Hexes
 - Level 7.3 Invocations


You had 11 spell levels left.
You knew the following spells:

 Your Spells              Type           Power        Failure   Level  Hunger
a - Corona                Hex            #......      9%          1    ##.....

Your spell library contained the following spells:

 Spells                   Type           Power        Failure   Level  Hunger
 Slow                     Hex            #.......     13%         2    ###....
 Beastly Appendage        Tmut           #.....       26%         1    ##.....
 Sticks to Snakes         Tmut           #.......     36%         2    ###....
 Inner Flame              Hex/Fire       #.......     41%         3    ####...
 Portal Projectile        Hex/Tloc       #.....       41%         3    ####...
 Spider Form              Tmut/Pois      #.........   61%         3    ####...
 Cause Fear               Hex            #.........   65%         4    #####..
 Leda's Liquefaction      Hex/Erth       #.........   83%         4    #####..
 Ice Form                 Ice/Tmut       #.......     95%         4    #####..
 Metabolic Englaciation   Hex/Ice        #.........   99%         5    ######.
 Blade Hands              Tmut           #.........   100%        5    ######.
 Bolt of Cold             Conj/Ice       #.........   100%        6    #######
 Freezing Cloud           Conj/Ice/Air   #.........   100%        6    #######
 Ozocubu's Refrigeration  Ice            #.........   100%        6    #######
 Simulacrum               Ice/Necr       #.........   100%        6    #######


Dungeon Overview and Level Annotations

Branches:
Dungeon (11/15)            Temple (1/1) D:4            Lair (0/6) D:9
    Orc (0/2) D:10

Altars:
Ashenzari
Cheibriados
Dithmenos
Elyvilon
Fedhas
Gozag
Hepliaklqana
Kikubaaqudgha
Makhleb
Nemelex Xobeh
Okawaru
Qazlal
Ru
Sif Muna
Trog
Uskayaw
Vehumet
Wu Jian
Xom
Yredelemnul
Zin
The Shining One
Beogh

Shops:
D:9 (   D:10 ?

Annotations:
D:2 1 runed translucent door, Crazy Yiuf
D:10 2 transporters
D:11 3 runed translucent doors, Snorg; mess's ghost, novice DsBe


Innate Abilities, Weirdness & Mutations

You are too large for most types of armour.
You have tough skin. (AC +1)


Message History

a +0 hand axe; a +0 leather armour; an orc corpse
M - 9 tomahawks (gained 1)
Things that are here:
a +0 dagger; a +0 robe
M - 13 tomahawks (gained 4)
Things that are here:
a +0 mace; an orc corpse
Things that are here:
a +0 dagger; a +0 robe
m - 9 scrolls of remove curse {@r2} (gained 1)
Things that are here:
a +0 dagger; a +0 robe
Things that are here:
a +0 mace; an orc corpse Eating one of 2 chunks of flesh.
You eat one of the 2 chunks of flesh.
Snorg the Insatiable comes into view.
Snorg shouts!
Quiver which item? (- for none, * to show all) (? for menu, Esc to quit)
Quivering
Q - 19 large rocks for throwing.
Throwing (i - inventory. (/) - cycle)
Q - 19 large rocks (quivered)
Aim: Snorg You throw a large rock.
The large rock completely misses Snorg.
Throwing (i - inventory. (/) - cycle)
Q - 18 large rocks (quivered)
Aim: Snorg You throw a large rock.
The large rock closely misses Snorg.
Throwing (i - inventory. (/) - cycle)
Q - 17 large rocks (quivered)
Aim: Snorg You throw a large rock.
The large rock completely misses Snorg.
Snorg goes berserk!
Throwing (i - inventory. (/) - cycle)
Q - 16 large rocks (quivered)
Aim: Snorg (berserk, fast, unusually strong)
You throw a large rock. The large rock barely misses Snorg.
Throwing (i - inventory. (/) - cycle)
Q - 15 large rocks (quivered)
Aim: Snorg (berserk, fast, unusually strong)
You throw a large rock. The large rock completely misses Snorg.
Snorg bites you!! Snorg claws you! x2; Snorg misses you.
Snorg closely misses you. Snorg claws you!
Throwing (i - inventory. (/) - cycle)
Q - 14 large rocks (quivered)
Aim: Snorg (berserk, fast, unusually strong)
You throw a large rock. The large rock barely misses Snorg.
Snorg bites you!
* * * LOW HITPOINT WARNING * * *
Snorg misses you. x2; Snorg bites you!!
* * * LOW HITPOINT WARNING * * *
Snorg claws you!
* * * LOW HITPOINT WARNING * * *
Snorg claws you!
* * * LOW HITPOINT WARNING * * *
As you read the scroll of teleportation {@r4}, it crumbles to dust.
You feel strangely unstable. Snorg bites you!!
You die...

.#
#.#.#######
.#
#.#########
.#
#.........#
.#
#########.#
.# #.# .#
#.# ## #.#
#.#########
#..@T..(((.
#.#########
###


You could see Snorg (berserk).

Vanquished Creatures
  Gastronok (D:9)
  Harold (D:9)
  Erica (D:9)
  A two-headed ogre (D:9)
  Urug (D:11)
  Pikel (D:7)
  2 centaur zombies (D:11)
  Joseph (D:7)
  Psyche (D:11)
  A gargoyle (D:11)
  A hippogriff (D:11)
  4 yaks
  Sigmund (D:2)
  A wraith (D:11)
  A hungry ghost (D:7)
  Menkaure (D:7)
  2 porcupines (D:9)
  A water moccasin (D:10)
  3 ice beasts
  4 phantoms
  4 sky beasts
  A black bear (D:9)
  3 orc warriors
  3 slaves (D:7)
  7 ogres
  6 centaurs
  A crocodile (D:11)
  5 bullfrogs
  3 scorpions
  A water moccasin zombie (D:11)
  3 wights (D:11)
  6 crimson imps
  A bullfrog zombie (D:9)
  2 jellies (D:5)
  2 orc priests
  4 hounds
  2 centaur skeletons
  A gnoll shaman (D:9)
  6 iguanas
  Terence (D:2)
  Natasha (thrice) (D:4)
  6 orc wizards
  7 worker ants
  A killer bee zombie (D:9)
  3 hound skeletons
  3 worker ant zombies
  3 gnolls (D:9)
  A howler monkey skeleton (D:8)
  12 adders
  2 shadow imps
  An adder zombie (D:7)
  An adder skeleton (D:4)
  A worm (D:2)
  4 dart slugs
  7 leopard geckos
  65 orcs
  6 bats
  4 giant cockroaches
  4 goblins
  4 hobgoblins
  10 jackals
  6 quokkas
  3 ball pythons
  A ball python skeleton (D:4)
  10 frilled lizards
  A jackal skeleton (D:5)
  8 kobolds
  A leopard gecko zombie (D:5)
  A quokka skeleton (D:5)
  A quokka zombie (D:7)
  8 rats
280 creatures vanquished.

Vanquished Creatures (others)
  5 dream sheep (D:4)
  A hound (D:9)
  An orc wizard (D:5)
  3 fungi (D:9)
10 creatures vanquished.

Grand Total: 290 creatures vanquished

Notes
Turn   | Place    | Note
-------+----------+-------------------------------------------
     0 | D:1      | Norn the Ogre Arcane Marksman began the quest for the Orb.
     0 | D:1      | Reached XP level 1. HP: 19/19 MP: 2/2
   451 | D:1      | Reached XP level 2. HP: 27/28 MP: 3/3
  1167 | D:2      | Noticed Terence
  1431 | D:1      | Reached skill level 3 in Throwing
  1431 | D:1      | Reached XP level 3. HP: 8/36 MP: 4/4
  2367 | D:2      | Noticed Sigmund
  2423 | D:2      | Killed Sigmund
  2423 | D:2      | Reached skill level 4 in Throwing
  2423 | D:2      | Reached XP level 4. HP: 30/48 MP: 5/5
  2423 | D:2      | Reached XP level 5. HP: 34/54 MP: 6/6
  2564 | D:2      | Killed Terence
  2564 | D:2      | Reached skill level 5 in Throwing
  2672 | D:2      | Reached XP level 6. HP: 48/63 MP: 7/7
  2906 | D:2      | Found a deep blue altar of Sif Muna.
  3014 | D:2      | Found a runed translucent door.
  3015 | D:2      | Noticed Crazy Yiuf
  4155 | D:3      | Found a glowing golden altar of the Shining One.
  5059 | D:4      | Reached skill level 5 in Fighting
  5462 | D:3      | Reached skill level 6 in Throwing
  5462 | D:3      | Reached XP level 7. HP: 59/72 MP: 8/8
  6124 | D:4      | Found a snail-covered altar of Cheibriados.
  6173 | D:4      | Found a stormy altar of Qazlal.
  6173 | D:4      | Found a sacrificial altar of Ru.
  6255 | D:4      | Noticed Natasha
  6262 | D:4      | Reached skill level 7 in Throwing
  6267 | D:4      | Killed Natasha
  6380 | D:4      | Found a staircase to the Ecumenical Temple.
  6392 | Temple   | Entered the Ecumenical Temple
  6691 | Temple   | Became a worshipper of Warmaster Okawaru
  7095 | D:4      | Noticed Natasha
  7101 | D:4      | Killed Natasha
  7101 | D:4      | Reached XP level 8. HP: 84/84 MP: 9/9
  7229 | D:4      | Noticed a dream sheep
  7229 | D:4      | Noticed a dream sheep
  7229 | D:4      | Noticed a dream sheep
  7229 | D:4      | Noticed a dream sheep
  7229 | D:4      | Noticed a dream sheep
  7229 | D:4      | Found a shimmering altar of Xom.
  7232 | D:4      | Noticed Natasha
  7234 | D:4      | Killed a dream sheep
  7235 | D:4      | Killed a dream sheep
  7235 | D:4      | Killed a dream sheep
  7235 | D:4      | Killed a dream sheep
  7237 | D:4      | Killed a dream sheep
  7261 | D:4      | Killed Natasha
  7744 | D:5      | Entered Level 5 of the Dungeon
  8245 | D:5      | Reached skill level 8 in Throwing
  8896 | D:5      | Reached * piety under Okawaru
 10111 | D:6      | Reached skill level 9 in Throwing
 10622 | D:6      | Reached XP level 9. HP: 93/97 MP: 10/10
 11153 | D:7      | Reached ** piety under Okawaru
 11500 | D:7      | Reached skill level 10 in Throwing
 11857 | D:7      | Found a stormy altar of Qazlal.
 12057 | D:7      | Noticed Joseph
 12294 | D:7      | Killed Joseph
 12579 | D:7      | Noticed Pikel
 12929 | D:7      | Killed Pikel
 12929 | D:7      | Reached skill level 10 in Fighting
 12929 | D:7      | Reached skill level 11 in Throwing
 12971 | D:7      | Noticed Menkaure
 12973 | D:7      | Killed Menkaure
 12973 | D:7      | Reached *** piety under Okawaru
 13776 | D:8      | Reached XP level 10. HP: 108/110 MP: 11/11
 13873 | D:8      | Reached skill level 1 in Invocations
 14740 | D:9      | Found a roughly hewn altar of Beogh.
 15433 | D:9      | Received a gift from Okawaru
 15580 | D:9      | Found Osune's Weapon Boutique.
 15738 | D:9      | Noticed a two-headed ogre
 15786 | D:9      | Killed a two-headed ogre
 15786 | D:9      | Received a gift from Okawaru
 15786 | D:9      | Reached skill level 5 in Invocations
 15891 | D:9      | Noticed Gastronok
 15919 | D:9      | Killed Gastronok
 15919 | D:9      | Reached **** piety under Okawaru
 15919 | D:9      | Reached skill level 12 in Throwing
 15919 | D:9      | Reached XP level 11. HP: 107/118 MP: 14/16
 16039 | D:9      | Noticed Harold
 16053 | D:9      | Killed Harold
 16053 | D:9      | Reached skill level 5 in Dodging
 16127 | D:9      | Noticed Erica
 16316 | D:9      | Killed Erica
 16345 | D:9      | Found a staircase to the Lair.
 16511 | D:9      | Received a gift from Okawaru
 16874 | D:10     | Entered Level 10 of the Dungeon
 16948 | D:10     | Found a staircase to the Orcish Mines.
 17890 | D:10     | Found Wofrocu's Magic Scroll Boutique.
 17942 | D:10     | Reached skill level 1 in Maces & Flails
 17952 | D:10     | Reached ***** piety under Okawaru
 18082 | D:10     | Found a transporter.
 18088 | D:10     | Found a transporter.
 18464 | D:11     | Received a gift from Okawaru
 18738 | D:11     | Noticed Urug
 18766 | D:11     | Killed Urug
 18766 | D:11     | Received a gift from Okawaru
 18992 | D:11     | Noticed Psyche
 19001 | D:11     | Killed Psyche
 19186 | D:11     | Found a runed translucent gate.
 19186 | D:11     | Found a runed translucent gate.
 19186 | D:11     | Found a runed translucent gate.
 19187 | D:11     | Found an opulent altar of Gozag.
 19189 | D:11     | Noticed mess's ghost (novice DsBe)
 19193 | D:11     | Noticed a yaktaur captain
 19288 | D:11     | Received a gift from Okawaru
 19393 | D:11     | Noticed Snorg
 19400 | D:11     | Slain by Snorg

Skill      XL: |  1  2  3  4  5  6  7  8  9 10 11 |
---------------+----------------------------------+-----
Fighting       | 2 4 5 6 8 10 | 10.9
Throwing       | 3 4 5 6 7 9 11 12 | 12.9
Invocations    | 7 |  7.3
Dodging        | 4 6 |  6.6
Maces & Flails | 3 |  3.5
Spellcasting   | |  1.2
Hexes          | |  2.6

Action                   |  1- 3 |  4- 6 |  7- 9 | 10-12 || total
-------------------------+-------+-------+-------+-------++-------
Melee: Club              |    11 |       |       |       ||    11
       Unarmed           |     4 |       |       |       ||     4
       Short sword       |    70 |    22 |       |       ||    92
       Hand axe          |       |    50 |   254 |     3 ||   307
       Dagger            |       |       |       |   271 ||   271
Throw: Stone             |    57 |   172 |   377 |   336 ||   942
       Large rock        |     5 |     2 |    14 |    22 ||    43
       Tomahawk          |       |       |    36 |    61 ||    97
       Javelin           |       |       |       |     3 ||     3
 Cast: Corona            |       |       |       |     2 ||     2
Evoke: Wand              |       |       |     1 |     5 ||     6
  Use: Potion            |     2 |       |     1 |     2 ||     5
       Scroll            |       |       |    16 |     5 ||    21
  Eat: Chunk             |     4 |     7 |    18 |    17 ||    46
       Ration            |       |     1 |     7 |       ||     8
Armor: Robe              |    51 |    32 |    79 |    66 ||   228
Dodge: Dodged            |    86 |    70 |   203 |   171 ||   530
